[Event "Late-Titled-Tuesday-Blitz-January-16-2024"]
[Site "Chess.com"]
[Date "2024.01.16"]
[Round "7"]
[White "GMCorinnaKopff"]
[Black "anasta10"]
[Result "0-1"]
[WhiteElo "2336"]
[BlackElo "2537"]
[TimeControl "180+1"]
[EndTime "15:18:06 PST"]
[Termination "anasta10 won by checkmate"]

1. d4 Nf6 2. c4 g6 3. Nc3 c5 4. d5 d6 5. e4 Bg7 6. Be2 O-O 7.
Nf3 e6 8. Bf4 exd5 9. cxd5 Bg4 10.
Nd2 Bxe2 11. Qxe2 Re8 12. O-O Na6 13. Rfe1 Nc7 14. a4 Ncxd5 15. Nxd5 Nxd5 16. Bg3 Bxb2 17. Qc4 Nb6 18. Qb3 Qf6 19. Rab1 Bc3 20. Nf3 Bxe1 21. Rxe1 c4 22. Qb4 d5 23. e5 Qe7 24. Qd2 Rac8 25. Bh4 Qf8 26. a5 c3 27. Qd3 Nc4 28. Qxd5 Rc6 29.
Bg5 c2 30. Nd4 Rc5 31. Qxb7 Rexe5 32. Nxc2 Rxg5 33. Qd7 Rge5 34. Rb1 Kg7 35. h4 Qe7 36. Qd4 Qf6 37. Rb8 Nxa5 38. g3 Nc6 39. Qb2 Nxb8 40.
Ne3 Rxe3 41. Qxb8 Re1+ 42. Kg2 Qc6+ 43. Kh3 Qh1+ 44. Kg4 Re4+ 45. f4 Qd1+ 46. Kh3 Qd7+ 47. Kg2 Rc2+ 48. Kf3 Qd3+ 49. Kg4 h5+ 50. Kg5 Qd5+ 51. f5 Qxf5# 0-1

[Event "Late-Titled-Tuesday-Blitz-January-16-2024"]
[Site "Chess.com"]
[Date "2024.01.16"]
[Round "7"]
[White "Russian_berezka"]
[Black "adic2020"]
[Result "1-0"]
[WhiteElo "2595"]
[BlackElo "2448"]
[TimeControl "180+1"]
[EndTime "15:18:09 PST"]
[Termination "Russian_berezka won on time"]

1. e4 c5 2. c3 d6 3. d4 Nf6 4. Nd2 Nc6 5. d5 Nb8 6. Bd3 g6 7. f4 Bg7 8. Ngf3 O-O 9. O-O e6 10. c4 Na6 11. h3 Nc7 12. g4 b5 13. e5 Nfe8 14. Be4 exd5 15. cxd5 Bb7 16. Nb3 f5 17. gxf5 gxf5 18. Bc2 Nxd5 19. Bd2 a5 20. a4 b4 21. Bd3 Kh8 22. Bc4 Nb6 23. Bb5 Qc7 24. Ng5 Bd5 25. Be3 Bg8 26. exd6 Nxd6 27. Nxc5 Nbc4 28. Bd4 Nxb5 29. Nce6 Bxd4+ 30. Nxd4 Nxd4 31. Qxd4+ Qg7 32. Qf2 h6 33. Kh2 hxg5 34. Rg1 Ra6 35. Rxg5 Rg6 36. Qh4+ Qh6 37. Rh5 Kh7 38.
Rxh6+ Rxh6 39. Qe7+ Rf7 40. Qc5 Rg7 41. Rg1 Nd6 42.
Qxa5 Ne4 43. Rxg7+ Kxg7 44. Qxb4 Rg6 45. Qe7+ Kh6 46.
a5 Bc4 47. Qh4+ Kg7 48. Qe7+ Kh6 49. Qf8+ Kh7 50. b3 1-0

[Event "Late-Titled-Tuesday-Blitz-January-16-2024"]
[Site "Chess.com"]
[Date "2024.01.16"]
[Round "7"]
[White "OparinGrigoriy"]
[Black "BilodeauA"]
[Result "0-1"]
[WhiteElo "3041"]
[BlackElo "2922"]
[TimeControl "180+1"]
[EndTime "15:18:13 PST"]
[Termination "BilodeauA won by checkmate"]

1. Nf3 d5 2. e3 b6 3. c4 dxc4 4.
Bxc4 e6 5. b3 Bb7 6. Bb2 Nf6 7.
O-O Nbd7 8. Nc3 Be7 9. Qe2 O-O 10. d4 a6 11. Rfd1 b5 12. Bd3 c5 13. dxc5 Bxc5 14. Rac1 Qe7 15. Ng5 Rfd8 16. Nce4 Nxe4 17. Nxe4 Rac8 18.
Qh5 f5 19. Nxc5 Nxc5 20. Bf1 Ne4 21. Rxc8 Rxc8 22. Be5 Bd5 23. f3 Nc3 24. Rd2 a5 25. Qh3 b4 26. Qg3 h6 27. h4 Kh7 28. Qf4 g5 29. hxg5 Qxg5 30. Qd4 Qe7 31. Qb6 Rg8 32. Qxa5 Bxf3 33. Bxc3 bxc3 34. Qxc3 Bd5 35. Qe5 Qg5 36.
b4 Rg7 37. b5 Qd8 38. a4 Qa5 39. Rd4 Qe1 40. Rxd5 exd5 41. Qxf5+ Kh8 42. Qf4 Qb1 43.
Qxh6+ Kg8 44. Qe6+ Kh7 45. Qxd5 Kh6 46. Qd6+ Rg6 47. Qf4+ Kg7 48. Qc7+ Kh6 49. Qf4+ Kg7 50. Qd4+ Rf6 51. Qd3 Qb4 52. Qd4 Qe1 53. Qd3 Qf2+ 54. Kh2 Rh6# 0-1

[Event "Late-Titled-Tuesday-Blitz-January-16-2024"]
[Site "Chess.com"]
[Date "2024.01.16"]
[Round "7"]
[White "BogdanDeac"]
[Black "Yaacovn"]
[Result "0-1"]
[WhiteElo "3022"]
[BlackElo "2910"]
[TimeControl "180+1"]
[EndTime "15:18:14 PST"]
[Termination "Yaacovn won by resignation"]

1. d4 Nf6 2. Bf4 e6 3. e3 Bd6 4. Bg3 b6 5. Nf3 Bb7 6. Nbd2 Be7 7. Bd3 d5 8. c4 c5 9. cxd5 Nxd5 10. Bb5+ Bc6 11.
Bxc6+ Nxc6 12. Qa4 Qd7 13. dxc5 Bxc5 14. a3 O-O 15.
O-O Rfd8 16. Ne4 Be7 17. Rfd1 Ne5 18. Qxd7 Nxf3+ 19. gxf3 Rxd7 20. Nc3 Rad8 21. Nxd5 Rxd5 22. Rxd5 Rxd5 23. Rc1 Rc5 24. Rd1 Rd5 25. Rxd5 exd5 26. Be5 b5 27. e4 dxe4 28. fxe4 g6 29. Kg2 a6 30. Bd4 f5 31. exf5 gxf5 32. Kf3 Kf7 33. Ke3 Ke6 34. Kd3 Kd5 35. h3 a5 36. f3 a4 37. Bh8 Bc5 38. Bc3 Bd6 39. Bg7 Be7 40. Bc3 Bf8 41. Bd4 Be7 42. Bc3 h5 43. Bd4 Bd6 44.
Bc3 Bc7 45. Bf6 Bd6 46. Bd4 Be5 47. Bxe5 Kxe5 48. Ke3 h4 49. f4+ Kd5 50. Kd3 Kc5 51.
Kc3 b4+ 52. axb4+ Kb5 53. Kd4 Kxb4 54. Ke5 Kb3 55. Kxf5 Kxb2 56. Kg5 a3 57. f5 a2 58.
f6 a1=Q 59. f7 Qa3 60. Kxh4 Qf8 61. Kg5 Kc3 62. h4 Kd4 63. h5 Ke5 64. Kg6 Ke6 65. h6 Qxf7+ 0-1

[Event "Late-Titled-Tuesday-Blitz-January-16-2024"]
[Site "Chess.com"]
[Date "2024.01.16"]
[Round "7"]
[White "IlanSchnaider"]
[Black "VitorBronson"]
[Result "1-0"]
[WhiteElo "2804"]
[BlackElo "2573"]
[TimeControl "180+1"]
[EndTime "15:18:15 PST"]
[Termination "IlanSchnaider won on time"]

1. e4 c5 2. Nf3 d6 3. Bb5+ Nd7 4. a4 a6 5. Bc4 e6 6. Nc3 Ngf6 7.
O-O b6 8. d4 cxd4 9. Nxd4 Bb7 10. Re1 Qc7 11. Ba2 Nc5 12. Qf3 Be7 13. b4 Ncd7 14.
Bxe6 Ne5 15. Qg3 fxe6 16. Nxe6 Qc4 17. Nxg7+ Kf7 18. Nf5 Rag8 19. Nh6+ Ke8 20. Nxg8 Rxg8 21. Qe3 Nfg4 22. Qh3 Qd4 23. Rf1 Bxe4 24. Nxe4 Qxe4 25. Bb2 Nf6 26. Kh1 Rg6 27. Rae1 Qf4 28. Bc1 Qg4 29. Qxg4 Rxg4 30. f4 Ng6 31. Bb2 Kf7 32. g3 h5 33.
Kg2 Nh4+ 34. Kf2 Nf5 35. b5 d5 36. bxa6 Bc5+ 37. Kf3 Ne4 38. Rxe4 dxe4+ 39. Kxe4 Rg8 40. Kxf5 Ra8 41. Rd1 Rxa6 42. Rd7+ Ke8 43. Rh7 Rxa4 44. Ke6 Re4+ 45. Be5 Bf8 46. Rxh5 Re2 47. Rh8 b5 48. c3 Re3 49. h4 Re1 50. h5 b4 51. cxb4 Re2 52. h6 1-0

[Event "Late-Titled-Tuesday-Blitz-January-16-2024"]
[Site "Chess.com"]
[Date "2024.01.16"]
[Round "7"]
[White "Bigfish1995"]
[Black "VerdeNotte"]
[Result "1-0"]
[WhiteElo "3085"]
[BlackElo "2890"]
[TimeControl "180+1"]
[EndTime "15:18:18 PST"]
[Termination "Bigfish1995 won on time"]

1. e4 e5 2. Nf3 Nc6 3. Bb5 a6 4. Ba4 Nf6 5. O-O d6 6. Bxc6+ bxc6 7. Re1 Bg4 8. d3 Be7 9. h3 Bxf3 10. Qxf3 Nd7 11. Nc3 Bg5 12. Qg4 h6 13. h4 Nf6 14.
Bxg5 Nxg4 15. Bxd8 Kxd8 16. Rad1 c5 17. Nd5 h5 18. f3 Nh6 19. c3 Rb8 20. Re2 Ng8 21.
d4 cxd4 22. cxd4 exd4 23. Rxd4 Ne7 24. e5 dxe5 25. Rd1 Nxd5 26. Rxd5+ Kc8 27. Rdxe5 Rb6 28.
b3 g6 29. Re7 Rf8 30. Rc2 Rb7 31. Rc6 Kd8 32. Re5 Rb6 33. Rec5 Rxc6 34. Rxc6 Re8 35. Rxa6 Re2 36. Kh2 Kd7 37. Kh3 Rf2 38. b4 Rb2 39. a3 Ra2 40. g4 hxg4+ 41. fxg4 Rd2 42. h5 gxh5 43. gxh5 Ke7 44. Kg4 Rd4+ 45. Kg5 Rd5+ 46. Kh6 Kf8 47. a4 Rd4 48. b5 Rb4 49. Kg5 Rb1 50. h6 Rg1+ 51. Kf5 Rf1+ 52. Ke5 Rh1 53. Kd5 Ke7 54. Kc6 1-0

[Event "Late-Titled-Tuesday-Blitz-January-16-2024"]
[Site "Chess.com"]
[Date "2024.01.16"]
[Round "7"]
[White "frederiksvane"]
[Black "PepeCuenca"]
[Result "1-0"]
[WhiteElo "2894"]
[BlackElo "2682"]
[TimeControl "180+1"]
[EndTime "15:18:18 PST"]
[Termination "frederiksvane won by resignation"]

1. g3 d5 2. Nf3 Nf6 3. Bg2 c5 4. O-O e6 5. d3 Nc6 6. e4 Be7 7. a4 O-O 8. e5 Nd7 9. Re1 a6 10. h4 Rb8 11. h5 b5 12. h6 g6 13. axb5 axb5 14. Nbd2 Bb7 15. Nf1 Ra8 16. Rxa8 Qxa8 17. N1h2 b4 18. Bf4 Qa2 19. Qc1 Qa5 20. Bg5 Qd8 21. Bxe7 Qxe7 22. Ng4 Ra8 23. c3 bxc3 24. bxc3 Ba6 25. d4 Bd3 26. Qf4 Bf5 27. Nf6+ Nxf6 28. exf6 Qf8 29. Ne5 Nxe5 30. dxe5 Qb8 31.
g4 Bd3 32. g5 Bc4 33. Qc1 Kf8 34. Qb1 Qb3 35. Qc1 Ke8 36. Qe3 Qb6 37. Rc1 Kd7 38.
Qe1 Ra2 39. Rb1 Rb2 40. Ra1 Ra2 41. Qb1 Qxb1+ 42. Rxb1 Kc7 43. Bf1 Bxf1 44. Kxf1 Rc2 45. Rb3 c4 46. Ra3 Kb7 47. Ke1 Rc1+ 48. Ke2 Rb1 49. f4 Rb3 50. Rxb3+ cxb3 51. Kd2 Kb6 52. f5 gxf5 53. g6 f4 54. g7 f3 55. g8=Q b2 56.
Kc2 f2 57. Qg2 1-0

[Event "Late-Titled-Tuesday-Blitz-January-16-2024"]
[Site "Chess.com"]
[Date "2024.01.16"]
[Round "7"]
[White "APOKALIPSA13"]
[Black "Alexei_Gubajdullin"]
[Result "1-0"]
[WhiteElo "2192"]
[BlackElo "2604"]
[TimeControl "180+1"]
[EndTime "15:18:19 PST"]
[Termination "APOKALIPSA13 won by resignation"]

1. e4 e5 2. d4 exd4 3. Qxd4 Nc6 4. Qe3 Nf6 5. Bd2 b6 6. Nc3 Bc5 7. Qg3 O-O 8. O-O-O Nh5 9. Qh3 g6 10. g4 d6 11. Qg2 Ng7 12. h4 Bb7 13. Nd5 Ne6 14. f4 Ncd4 15. c3 Nc6 16. f5 Ng7 17. f6 Ne6 18. g5 Ne5 19. h5 Re8 20. hxg6 fxg6 21. Nf3 Nf7 22. Bc4 c6 23. Ne7+ Rxe7 24. fxe7 Qxe7 25. Rxh7 Kxh7 26. Qh3+ Kg7 27. Bxe6 Rh8 28. Qg4 Nd8 29. Bb3 b5 30. Bf4 a5 31. a4 b4 32. e5 d5 33. e6 Rh5 34. Be5+ Kg8 35. Bf6 Qxe6 36. Qg2 Nf7 37. Nd4 Qh3 38. Qe2 Qd7 39.
Re1 bxc3 40. bxc3 Ba3+ 41. Kb1 Nd6 42. Qd3 Qf7 43. Re7 Rh1+ 44. Ka2 Nc4 45. Rxf7 Rh2+ 46. Bc2 Kxf7 47. Qxg6+ Kf8 48. Qg7+ Ke8 49. Qxb7 Bc5 50. Qb8+ Kd7 51. Qxh2 1-0

[Event "Late-Titled-Tuesday-Blitz-January-16-2024"]
[Site "Chess.com"]
[Date "2024.01.16"]
[Round "7"]
[White "ural58"]
[Black "pirulillo"]
[Result "0-1"]
[WhiteElo "2433"]
[BlackElo "2292"]
[TimeControl "180+1"]
[EndTime "15:18:20 PST"]
[Termination "pirulillo won on time"]

1. e4 c5 2. b3 Nc6 3. Bb2 d6 4.
Bb5 Bd7 5. Ne2 a6 6. Bxc6 Bxc6 7. d3 e6 8. O-O Nf6 9. Ng3 Be7 10. Nh5 Nxh5 11.
Qxh5 Bf6 12. Nc3 O-O 13. f4 Bd4+ 14. Kh1 f5 15. exf5 exf5 16. Nd1 Bxb2 17. Nxb2 Rf6 18. Rae1 Rg6 19. Rf2 Qf6 20. Nc4 Rf8 21. Qe2 b5 22.
Nd2 Re8 23. Qxe8+ Bxe8 24. Rxe8+ Kf7 25. Rfe2 Rg4 26. g3 Qb2 27. Nf3 h6 28. R2e7+ Kg6 29.
Nh4+ Rxh4 30. gxh4 Qc1+ 31. Re1 Qxc2 32. Rg1+ Kh7 33.
Re7 Qc3 34. h5 Qd4 35. Rg3 a5 36. Kg2 a4 37. bxa4 bxa4 38. Kh3 d5 39. Ra7 a3 40. Rxa3 Qxf4 41. Ra7 Qf1+ 42. Rg2 Qf3+ 43. Rg3 Qxh5+ 44. Kg2 Qe2+ 45. Kg1 Qe5 46. Rgxg7+ Qxg7+ 47. Rxg7+ Kxg7 48. a4 c4 49. dxc4 dxc4 50. Kf2 c3 51. Ke1 f4 52.
a5 f3 53. a6 c2 54. Kd2 f2 55. a7 f1=Q 56. Kxc2 Qf2+ 0-1

[Event "Late-Titled-Tuesday-Blitz-January-16-2024"]
[Site "Chess.com"]
[Date "2024.01.16"]
[Round "7"]
[White "Felix-Rose"]
[Black "Heinza9"]
[Result "1-0"]
[WhiteElo "2243"]
[BlackElo "2307"]
[TimeControl "180+1"]
[EndTime "15:18:20 PST"]
[Termination "Felix-Rose won by checkmate"]

1. e4 e5 2. Nf3 Nc6 3. d4 exd4 4. Nxd4 Nf6 5. Nxc6 bxc6 6. Bd3 d5 7. exd5 cxd5 8.
Bb5+ Bd7 9. Bxd7+ Qxd7 10. O-O Be7 11. c4 d4 12. b3 O-O 13. Nd2 c5 14. Nf3 h6 15.
Ne5 Qc7 16. Nd3 Bd6 17. g3 Rfe8 18. Qf3 Nd7 19. Bf4 Bxf4 20. Qxf4 Qc6 21. Rfe1 a5 22. h4 a4 23. b4 cxb4 24. Qxd4 b3 25. axb3 axb3 26. Rab1 Rxe1+ 27. Nxe1 Nc5 28. Nd3 Ne6 29.
Qc3 Qf3 30. Rxb3 Ra2 31. Qe1 Nd4 32. Nc1 Nxb3 33. Nxa2 Nd4 34. Nc1 Kh7 35. Qe3 Qd1+ 36. Kg2 g6 37. Nd3 Ne2 38. Nf4 Qg1+ 39. Kf3 Nc1 40. Qe7 Qh1+ 41. Ng2 Qd1+ 42. Kf4 Qd2+ 43. Ne3 Qxf2+ 44. Ke4 Ne2 45. c5 Nxg3+ 46. Kd4 Qd2+ 47. Kc4 Qc1+ 48. Kd5 Qd2+ 49. Kc6 Qa2 50. Nd5 Nf5 51. Qxf7+ Kh8 52. Qf8+ Kh7 53. Nf6# 1-0

[Event "Late-Titled-Tuesday-Blitz-January-16-2024"]
[Site "Chess.com"]
[Date "2024.01.16"]
[Round "7"]
[White "ChristopherYoo"]
[Black "cassoulet"]
[Result "1-0"]
[WhiteElo "2983"]
[BlackElo "2770"]
[TimeControl "180+1"]
[EndTime "15:18:21 PST"]
[Termination "ChristopherYoo won by resignation"]

1. Nf3 Nf6 2. b3 g6 3. Bb2 Bg7 4. g3 O-O 5. Bg2 d6 6. d4 Nbd7 7. O-O c5 8. c4 a6 9. Nc3 Rb8 10. e4 cxd4 11. Nxd4 Nc5 12. Qe2 Bg4 13. f3 Bd7 14. Rfd1 b5 15. cxb5 axb5 16. b4 Ne6 17.
Nxe6 Bxe6 18. Nxb5 Qb6+ 19. Nd4 Qxb4 20. Nxe6 fxe6 21.
Rab1 Qa4 22. Bc3 Rfc8 23. Rxb8 Rxb8 24. Bh3 Kf7 25. e5 Nd5 26. exd6 Qa7+ 27. Kh1 Nxc3 28. Qxe6+ Kf8 29. Re1 exd6 30. Qxd6+ Kg8 31. Bc8 Bf8 32. Re8 Rb1+ 33. Kg2 Qxa2+ 34. Kh3 Qf7 35. Qc6 Kg7 36. Qxc3+ Kh6 37. Qe3+ Kg7 38. Rd8 Qf6 39. Qd3 Rb2 40.
Rd7+ Be7 41. Qe4 Kf7 42. Rd5 Kf8 43. Be6 h5 44. Ra5 Kg7 45. Ra8 Kh6 46. Rg8 Rb6 47. Bd7 Rd6 48. Be8 Rd4 49. Rxg6+ Kh7 50. Rxf6+ Rxe4 51. Rf7+ Kg8 52. fxe4 Bg5 53. Rf5 Be7 54. Bxh5 Kg7 55.
Bf3 Bf6 56. Kg4 Kh6 57. h4 Kg6 58. Rxf6+ Kxf6 59. h5 1-0

[Event "Late-Titled-Tuesday-Blitz-January-16-2024"]
[Site "Chess.com"]
[Date "2024.01.16"]
[Round "7"]
[White "Fandorine"]
[Black "FairChess_on_YouTube"]
[Result "0-1"]
[WhiteElo "2959"]
[BlackElo "3102"]
[TimeControl "180+1"]
[EndTime "15:18:23 PST"]
[Termination "FairChess_on_YouTube won by checkmate"]

1. c4 e6 2. g3 Nf6 3. Bg2 Be7 4.
Nf3 O-O 5. O-O d5 6. d4 c6 7. Nc3 Nbd7 8. Qd3 b6 9. b3 a5 10. Rd1 Ba6 11. a4 Rc8 12. e4 c5 13. exd5 Nxd5 14. Nb5 Nb4 15. Qe2 Bf6 16. Bb2 Qe7 17. h4 Rfd8 18. Bc3 Bb7 19. Rac1 Bxf3 20. Bxf3 cxd4 21. Nxd4 Nc5 22. Bxb4 Bxd4 23. Bxc5 bxc5 24.
Kg2 Rd6 25. h5 f5 26. Qe1 Qd8 27. Rc2 Kh8 28. Re2 e5 29. Bd5 e4 30. f3 e3 31.
Rxe3 Bxe3 32. Qxe3 Qf6 33. Re1 Rdd8 34. Re2 Qf8 35. Qf4 Re8 36. Re6 Rb8 37. Rxe8 Rxe8 38.
h6 Qf6 39. hxg7+ Kxg7 40. Qc7+ Re7 41. Qxc5 Re2+ 42. Kf1 Ra2 43. Qc7+ Kg6 44. Qc6 Qxc6 45. Bxc6 Rb2 46. f4 Rxb3 47. Kg2 Rc3 48. Bb5 Kf6 49. Kh3 Rc1 50. Kg2 Rc3 51. Kh3 Rc2 52. Ba6 Rb2 53. Bb5 Rb1 54. Kg2 Ke6 55. Kh2 Kd6 56. Kg2 h6 57. Kh3 Kc5 58. Bd7 Ra1 59. Kh4 Rh1# 0-1

[Event "Late-Titled-Tuesday-Blitz-January-16-2024"]
[Site "Chess.com"]
[Date "2024.01.16"]
[Round "7"]
[White "Igor_Lysyj"]
[Black "iwanyu"]
[Result "1-0"]
[WhiteElo "2867"]
[BlackElo "2681"]
[TimeControl "180+1"]
[EndTime "15:18:26 PST"]
[Termination "Igor_Lysyj won on time"]

1. d4 Nf6 2. c4 c5 3. d5 e6 4. Nc3 exd5 5. cxd5 d6 6. Nf3 g6 7. h3 Bg7 8. e4 O-O 9. Be3 b5 10. e5 dxe5 11. Bxc5 b4 12. Bxb4 Re8 13. Bb5 Bd7 14. O-O Bxb5 15. Nxb5 Nxd5 16. Bd6 Nf4 17.
Nc7 Nc6 18. Nxe8 Qxe8 19. Qc2 Rc8 20. Qe4 f5 21. Qc4+ Kh8 22. Rac1 Rd8 23. Qxc6 Ne2+ 24. Kh1 Nxc1 25. Qxe8+ Rxe8 26. Rxc1 e4 27. Ne1 Bxb2 28. Rb1 Bd4 29. Kg1 Re6 30. Bf4 Rc6 31. Kf1 Kg7 32.
Rb7+ Kf6 33. Rc7 Ra6 34. Nc2 Bb6 35. Rc6+ Kf7 36. a3 Ra4 37. Be3 Bd8 38. g3 g5 39.
Rc5 Kg6 40. Ke2 h5 41. Rb5 h4 42. Rb4 Ra5 43. Rd4 Bc7 44. Rc4 Be5 45. gxh4 f4 46. Rc5 Rxc5 47. Bxc5 a6 48. hxg5 Kxg5 49. f3 e3 50. Nxe3 fxe3 51. Kxe3 Kh4 52. Ke4 Bc7 53. f4 Kxh3 54. f5 Bd8 55. Bd4 Kg4 56. f6 Kg5 57. f7 Be7 58. Ke5 1-0

[Event "Late-Titled-Tuesday-Blitz-January-16-2024"]
[Site "Chess.com"]
[Date "2024.01.16"]
[Round "7"]
[White "MikaelyanArman"]
[Black "Jospem"]
[Result "0-1"]
[WhiteElo "2858"]
[BlackElo "3087"]
[TimeControl "180+1"]
[EndTime "15:18:27 PST"]
[Termination "Jospem won by resignation"]

1. d4 Nf6 2. c4 e6 3. Nc3 Bb4 4. Qc2 d6 5. a3 Bxc3+ 6. Qxc3 Nbd7 7. Nf3 b6 8. g3 Bb7 9. Bg2 O-O 10. O-O a5 11. b3 h6 12. Bb2 Qb8 13. Rac1 Be4 14. a4 c6 15. Rfd1 b5 16. Nd2 Bxg2 17. Kxg2 Qb7 18.
Kg1 Rfb8 19. cxb5 cxb5 20. axb5 Qxb5 21. Qf3 d5 22. Ba3 a4 23. bxa4 Qxa4 24. Bd6 Rc8 25. Qd3 Rc6 26. Bf4 Rac8 27. Ra1 Qc2 28. Qxc2 Rxc2 29.
Kf1 Nf8 30. h3 Ng6 31. Be3 Ne7 32. g4 Ne4 33. Nxe4 dxe4 34. Rac1 Nd5 35. Rxc2 Rxc2 36. Ra1 g5 37. Ke1 Kg7 38. Bd2 Rc8 39. e3 h5 40.
Ke2 hxg4 41. hxg4 Rh8 42. Rg1 Kg6 43. Rg2 Rh1 44. f3 f5 45. fxe4 fxe4 46. Ba5 Ra1 47. Bd2 Rb1 48. Rg3 Rb2 49. Rh3 Nf6 50. Rg3 Ra2 51.
Rg1 Nd5 52. Rg3 Nb6 53. Kd1 Nc4 54. Bc1 Rh2 55. Rg1 Rf2 56. Rg3 e5 57. dxe5 Nxe5 58. Ke1 Nd3+ 59. Kd1 Rf1+ 60. Kd2 Rxc1 61. Rh3 Rg1 62.
Rh8 Rxg4 63. Rg8+ Kf7 64. Rd8 Ne5 65. Rd5 Ke6 66. Ra5 Nc4+ 0-1

[Event "Late-Titled-Tuesday-Blitz-January-16-2024"]
[Site "Chess.com"]
[Date "2024.01.16"]
[Round "7"]
[White "Brahianzevich"]
[Black "Nouali_Mohamed"]
[Result "1/2-1/2"]
[WhiteElo "2433"]
[BlackElo "2532"]
[TimeControl "180+1"]
[EndTime "15:18:28 PST"]
[Termination "Game drawn - insufficient material"]

1. e4 c5 2. Nf3 Nc6 3. d4 cxd4 4. Nxd4 g6 5. Nc3 Bg7 6. Nde2 Nf6 7. g3 O-O 8. Bg2 d6 9. O-O Bd7 10. h3 Qc8 11. Kh2 h5 12. a4 h4 13. g4 Bxg4 14.
hxg4 Nxg4+ 15. Kg1 Nce5 16. Nd4 Qc4 17. Nf3 e6 18.
Nxh4 Bf6 19. Nf3 Kg7 20. Nxe5 Nxe5 21. Be3 Rh8 22. f4 Nc6 23. Nb5 Nb4 24. e5 dxe5 25. fxe5 Bxe5 26. Bd4 f6 27. Bxe5 fxe5 28. Qf3 Raf8 29. Qe3 Nxc2 30. Qxe5+ Kh7 31. Rxf8 Rxf8 32. Rf1 Rxf1+ 33. Bxf1 Qb3 34. Qh2+ Kg7 35. Qe5+ Kh7 36. Qc3 Qxc3 37. bxc3 Ne3 38. Bd3 a6 39. Nd4 e5 40.
Nf3 Nd1 41. Nxe5 Nxc3 42. a5 Kg7 43. Nxg6 Nd5 44. Ne5 Nb4 45. Be4 Kf6 46. Nf3 Nc6 47. Bxc6 bxc6 48. Kf2 Ke6 49. Ke3 Kd5 50. Nd4 Kc5 51.
Kd3 Kb4 52. Nxc6+ Kb5 53. Nd4+ Kxa5 54. Kc4 Ka4 55. Nb3 Ka3 56. Na5 Ka2 57. Kc5 Kb1 58.
Kb6 Kc1 59. Kxa6 1/2-1/2

[Event "Late-Titled-Tuesday-Blitz-January-16-2024"]
[Site "Chess.com"]
[Date "2024.01.16"]
[Round "7"]
[White "HalfIsCrayfish"]
[Black "JCVanDamme10"]
[Result "1/2-1/2"]
[WhiteElo "2605"]
[BlackElo "2360"]
[TimeControl "180+1"]
[EndTime "15:18:30 PST"]
[Termination "Game drawn by repetition"]

1. d4 d5 2. c4 c6 3. Nf3 Nf6 4.
Nc3 e6 5. e3 Nbd7 6. Bd2 Bd6 7.
Rc1 O-O 8. Bd3 e5 9. dxe5 Nxe5 10. Nxe5 Bxe5 11. cxd5 cxd5 12. Ne2 Bxb2 13. Rb1 Be5 14. h3 b6 15. O-O Bb7 16. Nd4 Bxd4 17. exd4 Ne4 18. Bb4 Re8 19. Bb5 Re6 20. f3 Nd6 21.
Bd3 Rc8 22. Re1 Rxe1+ 23. Qxe1 Qd7 24. Qg3 Nc4 25. Re1 Re8 26. Bf5 Rxe1+ 27. Qxe1 Qd8 28. Qg3 g6 29. Bd3 a5 30. Bc3 b5 31. Qe1 b4 32.
Bd2 Nxd2 33. Qxd2 Qf6 34. Bb5 Ba6 35. Ba4 Bc4 36. Bb3 Bxb3 37. axb3 Qc6 38. Kf2 Kg7 39.
Ke3 Qe6+ 40. Kf2 Qf5 41. Qe3 Qc2+ 42. Kg3 Qc7+ 43. Kf2 h5 44. h4 Kf8 45. Qe2 Qc3 46. Qe5 Qxb3 47. Kg3 Kg8 48. Qe8+ Kg7 49. Qe5+ Kh7 50.
Qe7 Kg8 51. Qe8+ Kg7 52. Qe5+ Kh7 53. Qe7 Kg8 54. Qe8+ 1/2-1/2

[Event "Late-Titled-Tuesday-Blitz-January-16-2024"]
[Site "Chess.com"]
[Date "2024.01.16"]
[Round "7"]
[White "TheMagician"]
[Black "smotherhubbard"]
[Result "1-0"]
[WhiteElo "2162"]
[BlackElo "2310"]
[TimeControl "180+1"]
[EndTime "15:18:34 PST"]
[Termination "TheMagician won by checkmate"]

1. d4 Nf6 2. c4 e6 3. Nf3 b6 4.
g3 Ba6 5. b3 Bb4+ 6. Bd2 Be7 7.
Bc3 c6 8. Nbd2 d5 9. Bg2 O-O 10. O-O c5 11. Ne5 Qc7 12. Rc1 Nbd7 13. Nxd7 Qxd7 14.
dxc5 Bxc5 15. Bxf6 gxf6 16. cxd5 exd5 17. Ne4 Be7 18. Nc3 d4 19. Nd5 Bb7 20. Qxd4 Bxd5 21.
Qxd5 Qxd5 22. Bxd5 Rad8 23. e4 Bc5 24. g4 Rfe8 25. Kg2 Kg7 26. f4 h5 27. h3 hxg4 28. hxg4 Rh8 29. Rh1 Be3 30. Rxh8 Rxh8 31. Rc7 Bxf4 32.
Rxf7+ Kg6 33. Kf3 Be5 34. Rxa7 Rh3+ 35. Kf2 Kg5 36. Be6 Kf4 37. Bf5 Rh2+ 38. Ke1 Ke3 39.
Kd1 Rd2+ 40. Kc1 Rg2 41. a4 Kd3 42. Rd7+ Bd4 43. e5+ Kc3 44. Rxd4 Kxd4 45. exf6 Rf2 46. f7 Rf1+ 47. Kd2 Rf2+ 48. Ke1 Rh2 49. f8=Q Ke3 50. Qe7+ Kf3 51. Qe4+ Kg3 52. Qe5+ Kh3 53. Qxh2+ Kxh2 54. g5 Kg3 55. g6 Kf4 56. g7 Kxf5 57. g8=Q Ke4 58.
Qb8 Kd3 59. Qxb6 Kc3 60. a5 Kb2 61. a6 Kc3 62. a7 Kd3 63. a8=Q Kc2 64. Qc8+ Kb2 65.
Qbd8 Kxb3 66. Qdc7 Kb2 67. Q7b8+ Ka3 68. Qcb7 Ka4 69. Q7a8# 1-0

[Event "Late-Titled-Tuesday-Blitz-January-16-2024"]
[Site "Chess.com"]
[Date "2024.01.16"]
[Round "7"]
[White "DishonorOnYourCow"]
[Black "wild3000"]
[Result "0-1"]
[WhiteElo "2538"]
[BlackElo "2402"]
[TimeControl "180+1"]
[EndTime "15:18:36 PST"]
[Termination "wild3000 won on time"]

1. d4 Nf6 2. c4 e6 3. Nf3 Bb4+ 4.
Nbd2 O-O 5. a3 Be7 6. e4 d6 7. Be2 a5 8. O-O b6 9. Qc2 Bb7 10. Bd3 h6 11. b3 Nbd7 12. Bb2 Re8 13. Rad1 Bf8 14. e5 Nh5 15. Bh7+ Kh8 16. Be4 Qc8 17. Rfe1 Nf4 18. g3 Nh3+ 19. Kg2 Ng5 20. Nxg5 hxg5 21.
Nf3 Be7 22. h3 dxe5 23. Nxe5 Nxe5 24. dxe5 Kg8 25. Kg1 Bxe4 26. Qxe4 Bc5 27. Bc1 Rd8 28.
Bxg5 Rxd1 29. Rxd1 Bxa3 30. Rd8+ Qxd8 31. Bxd8 Rxd8 32. Qc6 Bc5 33. Qxc7 Rd3 34. Qb8+ Kh7 35. Qb7 Rxg3+ 36. Kh2 Rxb3 37. Qxf7 Rb2 38. Qh5+ Kg8 39. Qe8+ Kh7 40. Qxe6 Rxf2+ 41. Kg3 a4 42. Qc6 a3 43. Qe4+ g6 44. e6 a2 45. Qb7+ Kh6 46. Qa8 Bd4 47.
e7 Re2 48. e8=Q Rxe8 49. Qxe8 a1=Q 50. Qf8+ Bg7 51. Qf4+ Kh7 52. Qh4+ Bh6 53. Qe7+ Qg7 54. Qe4 Qd7 55. h4 Qc7+ 56. Kh3 Bf4 57. Kg4 Bd6 58. h5 Qd7+ 59. Kh4 Be7+ 60. Kg3 Qf5 61. Qxe7+ Kh6 62. Qe3+ g5 0-1

[Event "Late-Titled-Tuesday-Blitz-January-16-2024"]
[Site "Chess.com"]
[Date "2024.01.16"]
[Round "7"]
[White "ChessRook_E"]
[Black "masnyszachistaaa"]
[Result "1/2-1/2"]
[WhiteElo "2214"]
[BlackElo "2513"]
[TimeControl "180+1"]
[EndTime "15:18:36 PST"]
[Termination "Game drawn - insufficient material"]

1. d4 Nf6 2. c4 c5 3. d5 b5 4. cxb5 a6 5. bxa6 Bxa6 6. Nc3 g6 7. Nf3 Bg7 8. e4 Bxf1 9. Rxf1 d6 10. h3 O-O 11. Rh1 Qb6 12. Kf1 Nbd7 13. Kg1 Rfb8 14.
Kh2 Ne8 15. Qc2 Nc7 16. Rd1 Nb5 17. Kg1 Ne5 18. Nxe5 Bxe5 19. Nxb5 Qxb5 20. a3 Qb3 21. Qxb3 Rxb3 22. Ra2 Kf8 23. Bh6+ Ke8 24. Rd2 Rab8 25. Rc2 Bxb2 26. Bd2 Bxa3 27. Kh2 Rb2 28. Rcxb2 Bxb2 29. Bf4 Bd4 30. f3 f6 31. Kg3 c4 32. h4 c3 33. Rc2 Rc8 34. Kh3 Rc4 35. g3 Kd7 36. Kg2 Kc7 37. Kf1 Kb6 38. Ke2 Kb5 39. Kd3 Kb4 40. Rc1 Be5 41. Rb1+ Kc5 42. Be3+ Bd4 43.
Bxd4+ Rxd4+ 44. Kxc3 Ra4 45. Rb3 Ra1 46. Kd2 Rg1 47.
f4 Rg2+ 48. Ke1 Ra2 49. Rb7 Kd4 50. Rxe7 Ke3 51. Kf1 Kf3 52. Ke1 Kxg3 53. Re6 Kxf4 54. Rxf6+ Kxe4 55. Rxd6 Ke3 56. Kf1 Kf3 57. Ke1 Rh2 58.
Rf6+ Ke3 59. Re6+ Kd4 60. Re7 Rxh4 61. d6 Kc5 62. d7 Rd4 63. Rxh7 Kc6 64. Rg7 Rd6 65.
Rxg6 Kxd7 66. Rxd6+ Kxd6 1/2-1/2

[Event "Late-Titled-Tuesday-Blitz-January-16-2024"]
[Site "Chess.com"]
[Date "2024.01.16"]
[Round "7"]
[White "rezamahdavi2008"]
[Black "GMKrikor"]
[Result "0-1"]
[WhiteElo "2859"]
[BlackElo "2745"]
[TimeControl "180+1"]
[EndTime "15:18:37 PST"]
[Termination "GMKrikor won by resignation"]

1. e4 e6 2. d3 d5 3. Nd2 Nc6 4. Ngf3 e5 5. g3 dxe4 6. dxe4 Nf6 7. Bg2 Bc5 8. O-O O-O 9. c3 a5 10. Qc2 b6 11. Nb3 Bd6 12. Rd1 Qe7 13. h3 Ba6 14.
Be3 Rad8 15. Nh4 g6 16. Bg5 Qe6 17. Nd2 Be7 18. Nf1 Nd7 19. Bxe7 Nxe7 20. Ne3 Nf6 21.
b3 Kg7 22. Nf3 h6 23. Nh2 Bb7 24. Nhg4 Nxg4 25. hxg4 Nc8 26. Rd2 Rxd2 27. Qxd2 Nd6 28.
Rd1 Bxe4 29. Bxe4 Nxe4 30. Qd3 Nf6 31. Qc4 Qxc4 32. Nxc4 Re8 33. Ne3 Kf8 34. Kg2 Ke7 35. Rh1 h5 36. gxh5 Nxh5 37. Nd5+ Kd8 38. g4 Nf4+ 39. Nxf4 exf4 40. Kf3 g5 41. Rd1+ Ke7 42. Re1+ Kd7 43. Rxe8 Kxe8 44. Ke4 f6 45. Kf5 Kf7 46.
f3 c6 47. c4 Ke7 48. Kg6 Ke6 49. Kh5 Ke5 50. Kg6 b5 51. cxb5 cxb5 52. a3 b4 53. a4 Kd4 54. Kxf6 Ke3 55. Kxg5 Kxf3 56. Kh5 Ke3 57.
g5 f3 58. g6 f2 0-1